 Dungeon Crawl Stone Soup version 0.25.1-2-g60ff931df9 (webtiles) character file.

Game seed: 13110242080488264472

207 Delamore the Skirmisher (level 5, 0/34 HPs)
             Began as a Gargoyle Fighter on Sept 29, 2020.
             Killed by divine providence
             ... invoked by an orc priest
              (12 damage)
             ... on level 2 of the Dungeon.
             The game lasted 00:01:55 (2414 turns).

Delamore the Skirmisher (Gargoyle Fighter)          Turns: 2414, Time: 00:01:56

Health: 0/34       AC: 10    Str: 21    XL:     5   Next: 85%
Magic:  5/5        EV:  7    Int:  8    God:
Gold:   185        SH:  9    Dex:  9    Spells: 4/4 levels left

rFire    . . .     SeeInvis .   a - +0 flail
rCold    . . .     Gourm    .   c - +0 kite shield
rNeg     + . .     Faith    .   b - +0 scale mail
rPois    ∞         Spirit   .   (no helmet)
rElec    +         Reflect  .   (no cloak)
rCorr    .         Harm     .   (no gloves)
MR       .....                  (no boots)
Stlth    ..........             (no amulet)
HPRegen  0.11/turn              (no ring)
MPRegen  0.09/turn              (no ring)

@: no status effects
A: negative energy resistance 1, electricity resistance, unbreathing,
petrification resistance, rot immunity, AC +4
a: no special abilities


You were on level 2 of the Dungeon.
You were not hungry.

You visited 1 branch of the dungeon, and saw 3 of its levels.

You collected 185 gold pieces.

Inventory:

Hand Weapons
 a - a +0 flail (weapon)
Armour
 b - a +0 scale mail (worn)
 c - a +0 kite shield (worn)
Scrolls
 e - 2 scrolls of enchant armour {unknown}
 g - a scroll of random uselessness {unknown}
 i - 2 scrolls of enchant weapon {unknown}
 j - 2 scrolls of identify {unknown}
 m - a scroll of teleportation {unknown}
 o - a scroll of fear {unknown}
 p - a scroll of amnesia {unknown}
Potions
 d - a potion of might
 h - 3 potions of heal wounds {unknown}
 k - a potion of resistance {unknown}
 l - 2 potions of lignification {unknown}
 n - a potion of haste {unknown}
 q - 2 potions of flight {unknown}
Comestibles
 f - 5 rations
 r - a chunk of flesh


   Skills:
 + Level 4.8 Fighting
 + Level 3.7 Maces & Flails
 - Level 3.2 Armour
 + Level 4.7 Shields


You had 4 spell levels left.
You didn't know any spells.
Your spell library was empty.

Dungeon Overview and Level Annotations

Branches:
Dungeon (3/15)

Altars:
Ashenzari


Innate Abilities, Weirdness & Mutations

You are resistant to torment.
Your stone body is resilient. (AC +4)
You are immune to poison.
You resist negative energy. (rN+)
You are resistant to electric shocks. (rElec)
You can survive without breathing.
You are immune to petrification.
You are immune to rotting.


Message History

The orc wizard is almost dead.
The orc wizard completely misses you. You block the hobgoblin's attack.
The orc priest hits you but does no damage.
The orc wizard closely misses you.
The hobgoblin hits you but does no damage.
You barely miss the orc wizard.
The orc wizard is severely wounded.
The orc wizard mumbles some strange words.
The orc wizard blinks!
You block the orc priest's attack. You block the hobgoblin's attack.
Things that are here:
a +0 club; an orc corpse The orc wizard casts a spell at you.
The magic dart hits you.
The orc wizard hits you but does no damage.
You hit the orc wizard.
The orc wizard is almost dead.
The orc priest mumbles some strange prayers to Beogh against you.
Beogh smites you!
You die...

#.# ###.#### ###......#
####.'...##.# ..##.#...##.#
.....#...##.######
)....#...##.#.)g)#
...)......<....#o#
.........##.#..#@####
.........+.....#o...##########
.......÷.##.......#..........#
.........####.###.#..........#
.......)....(...#.#..........#
........[########.#..........#
.........# #.....##.........#
.........# #.######.........#
.........####(### #.........#


You could see an orc priest, an orc wizard (fast) and a hobgoblin.

Vanquished Creatures
  A sky beast (D:3)
  A gnoll (D:2)
  5 adders (D:2)
  3 worms
  A dart slug (D:1)
  2 leopard geckos
  4 orcs
  5 bats
  3 giant cockroaches
  3 goblins
  3 hobgoblins
  2 jackals (D:3)
  7 kobolds
  A ball python (D:1)
  4 frilled lizards
  7 rats
52 creatures vanquished.

Notes
Turn   | Place    | Note
-------+----------+-------------------------------------------
     0 | D:1      | Delamore the Gargoyle Fighter began the quest for the Orb.
     0 | D:1      | Reached XP level 1. HP: 14/14 MP: 1/1
   242 | D:1      | Reached XP level 2. HP: 19/19 MP: 2/2
   729 | D:2      | Reached XP level 3. HP: 24/24 MP: 3/3
   927 | D:2      | Reached XP level 4. HP: 29/29 MP: 4/4
   996 | D:2      | HP: 1/29 [gnoll/+0 spear (3)]
  1973 | D:3      | Noticed a sky beast
  2000 | D:3      | Killed a sky beast
  2000 | D:3      | Reached XP level 5. HP: 20/34 MP: 5/5
  2129 | D:3      | Found a shattered altar of Ashenzari.
  2414 | D:2      | Killed from afar by an orc priest

Illustrated notes

Levels and vault maps discovered:
D:1:      minmay_arrival_four_houses, layout_basic
D:2:      layout_basic
D:3:      layout_basic, nicolae_ashenzari_panopticon

Skill      XL: |  1  2  3 |
---------------+----------+-----
Fighting       | 4 |  4.8
Shields        | 4 |  4.7
Maces & Flails | 3 |  3.7
Armour         | |  3.2

Action                   |  1- 3 |  4- 6 || total
-------------------------+-------+-------++-------
Melee: Flail             |   106 |   152 ||   258
  Eat: Chunk             |       |     5 ||     5
Armor: Scale mail        |    65 |   102 ||   167
Dodge: Dodged            |    33 |    65 ||    98
Block: Kite shield       |    80 |    99 ||   179
